[ PARTIDA AOE2 · #481865242 ]
Team RMEspañoles vs Magyars
[ ANÁLISIS DE REPETICIÓN · EXTRAÍDO DE LA PARTIDA GRABADA ]
Feudal
10:39
Castillos
25:29
Imperial
44:19
| APM promedio | 37.8 |
| APM pico | 98 |
| eAPM promedio | 20.2 |
| Aldeanos / militares | 128 / 161 |
Foco
⚔️ 31.3% · 🌾 68.7%
Knight ×132 · Spearman ×14 · Conquistador ×13 · Trebuchet (Packed) ×2
Feudal
9:44
Castillos
25:59
Imperial
45:25
| APM promedio | 30.1 |
| APM pico | 70 |
| eAPM promedio | 19.1 |
| Aldeanos / militares | 136 / 259 |
Foco
⚔️ 48.1% · 🌾 51.9%
Archer ×249 · Trebuchet (Packed) ×7 · Mangonel ×2 · Spearman ×1
Feudal
10:21
Castillos
19:53
Imperial
32:28
| APM promedio | 17.6 |
| APM pico | 41 |
| eAPM promedio | 9.5 |
| Aldeanos / militares | 122 / 311 |
Foco
⚔️ 27.0% · 🌾 73.0%
Skirmisher ×165 · Magyar Huszar ×88 · Cavalry Archer ×50 · Trebuchet (Packed) ×4 · Scout Cavalry ×3 · Monk ×1
Feudal
8:41
Castillos
23:24
Imperial
44:45
| APM promedio | 52.3 |
| APM pico | 107 |
| eAPM promedio | 31.4 |
| Aldeanos / militares | 178 / 273 |
Foco
⚔️ 38.8% · 🌾 61.2%
Skirmisher ×92 · Knight ×87 · Scout Cavalry ×39 · Mangudai ×20 · Scorpion ×11 · Mangonel ×7
Mapa de la partida
Recursos al inicio + cada clic de construcción. Línea gruesa = muro · recuadro discontinuo = muro de casas detectado. 🟡 oro · ⚪ piedra · 🟢 bayas · 🔶 jabalí · ⭕ reliquia
Inputs por minuto
— kingthom - - kingrog
Build order — kingthom
Primeras 150 de 472 acciones detectadas
| 0:02 | Crear | Villager (Male) |
| 0:02 | Crear | Villager (Male) |
| 0:02 | Crear | Villager (Male) |
| 0:02 | Crear | Villager (Male) |
| 0:03 | Crear | Villager (Male) |
| 0:04 | Construir | House |
| 0:06 | Construir | House |
| 0:08 | Construir | House |
| 1:34 | Crear | Villager (Male) |
| 1:35 | Crear | Villager (Male) |
| 1:55 | Crear | Villager (Male) |
| 1:55 | Crear | Villager (Male) |
| 2:35 | Crear | Villager (Male) |
| 2:36 | Crear | Villager (Male) |
| 2:36 | Crear | Villager (Male) |
| 2:56 | Crear | Villager (Male) |
| 2:56 | Crear | Villager (Male) |
| 2:56 | Crear | Villager (Male) |
| 3:28 | Crear | Villager (Male) |
| 3:29 | Crear | Villager (Male) |
| 3:40 | Construir | Lumber Camp |
| 4:16 | Crear | Villager (Male) |
| 4:17 | Crear | Villager (Male) |
| 4:34 | Crear | Villager (Male) |
| 5:01 | Crear | Villager (Male) |
| 5:14 | Construir | House |
| 5:17 | Construir | House |
| 5:26 | Crear | Villager (Male) |
| 5:42 | Construir | House |
| 6:17 | Crear | Villager (Male) |
| 6:31 | Crear | Villager (Male) |
| 6:41 | Construir | Mill |
| 7:53 | Crear | Villager (Male) |
| 8:29 | Investigar | Feudal Age |
| 8:53 | Construir | Mining Camp |
| 9:08 | Construir | Barracks |
| 9:21 | Construir | Palisade Wall |
| 9:29 | Crear | Villager (Male) |
| 9:35 | Construir | House |
| 9:36 | Construir | House |
| 9:46 | Crear | Villager (Male) |
| 10:28 | Construir | House |
| 10:30 | Construir | House |
| 10:39 | Construir | House |
| 10:39 | Edad | Edad Feudal |
| 10:59 | Crear | Villager (Male) |
| 11:09 | Construir | Stone Wall |
| 11:20 | Construir | Stone Wall |
| 11:23 | Crear | Villager (Male) |
| 11:32 | Construir | Farm |
| 11:33 | Construir | Farm |
| 11:34 | Construir | Farm |
| 11:41 | Investigar | Loom |
| 11:50 | Construir | House |
| 12:00 | Construir | Farm |
| 12:02 | Construir | Farm |
| 12:03 | Crear | Villager (Male) |
| 13:29 | Crear | Spearman |
| 13:29 | Crear | Spearman |
| 13:47 | Crear | Villager (Male) |
| 13:48 | Crear | Villager (Male) |
| 14:08 | Construir | Barracks |
| 14:46 | Crear | Spearman |
| 14:46 | Crear | Spearman |
| 15:05 | Crear | Villager (Male) |
| 15:06 | Crear | Villager (Male) |
| 15:12 | Crear | Spearman |
| 15:56 | Construir | Farm |
| 15:56 | Construir | Farm |
| 15:56 | Construir | Farm |
| 15:56 | Construir | Farm |
| 15:57 | Construir | Farm |
| 15:57 | Construir | Farm |
| 16:10 | Crear | Villager (Male) |
| 16:10 | Crear | Villager (Male) |
| 16:17 | Construir | Farm |
| 16:19 | Construir | Farm |
| 16:56 | Construir | Mill |
| 17:17 | Construir | Stone Wall |
| 17:21 | Construir | Mining Camp |
| 17:40 | Construir | Stone Wall |
| 17:46 | Crear | Villager (Male) |
| 17:47 | Crear | Villager (Male) |
| 17:47 | Crear | Villager (Male) |
| 17:49 | Construir | Farm |
| 18:09 | Crear | Villager (Male) |
| 18:19 | Crear | Villager (Male) |
| 18:35 | Crear | Villager (Male) |
| 19:32 | Construir | Stone Wall |
| 19:45 | Construir | Stone Wall |
| 19:47 | Crear | Villager (Male) |
| 20:03 | Construir | House |
| 20:09 | Crear | Villager (Male) |
| 20:20 | Crear | Villager (Male) |
| 20:26 | Construir | Farm |
| 20:41 | Construir | Blacksmith |
| 21:05 | Construir | Stone Wall |
| 21:24 | Construir | Stone Wall |
| 21:37 | Construir | Lumber Camp |
| 22:09 | Construir | Market |
| 22:13 | Construir | Farm |
| 22:14 | Construir | Farm |
| 22:32 | Construir | Farm |
| 22:49 | Investigar | Castle Age |
| 23:25 | Construir | Farm |
| 23:25 | Construir | Farm |
| 23:26 | Construir | Farm |
| 23:26 | Construir | Farm |
| 23:26 | Construir | Farm |
| 23:43 | Investigar | Stone Mining |
| 23:47 | Investigar | Double-Bit Axe |
| 23:50 | Investigar | Horse Collar |
| 23:50 | Investigar | Horse Collar |
| 24:12 | Crear | Villager (Male) |
| 24:13 | Crear | Villager (Male) |
| 24:30 | Construir | Building 490 |
| 24:37 | Crear | Villager (Male) |
| 24:42 | Investigar | Wheelbarrow |
| 25:29 | Edad | Edad de los Castillos |
| 26:00 | Crear | Villager (Male) |
| 26:04 | Investigar | Pikeman (upgrade) |
| 26:05 | Crear | Spearman |
| 26:05 | Crear | Spearman |
| 26:20 | Crear | Villager (Male) |
| 26:21 | Crear | Villager (Male) |
| 26:40 | Crear | Villager (Male) |
| 26:48 | Construir | Town Center |
| 26:54 | Investigar | Bow Saw |
| 27:33 | Crear | Villager (Male) |
| 28:01 | Construir | Castle |
| 28:53 | Crear | Villager (Male) |
| 28:54 | Crear | Villager (Male) |
| 28:55 | Crear | Villager (Male) |
| 28:55 | Crear | Villager (Male) |
| 29:09 | Construir | House |
| 29:17 | Crear | Villager (Male) |
| 29:18 | Crear | Villager (Male) |
| 29:27 | Construir | Farm |
| 29:28 | Construir | Farm |
| 29:32 | Construir | Farm |
| 29:38 | Crear | Villager (Male) |
| 29:41 | Investigar | Hand Cart |
| 30:09 | Construir | Farm |
| 30:14 | Construir | Farm |
| 30:49 | Investigar | Stone Shaft Mining |
| 30:51 | Crear | Villager (Male) |
| 30:51 | Crear | Villager (Male) |
| 30:59 | Investigar | Gold Mining |
| 31:01 | Crear | Villager (Male) |
| 31:16 | Construir | Stable |
Build order — kingrog
Primeras 150 de 594 acciones detectadas
| 0:01 | Crear | Villager (Male) |
| 0:01 | Crear | Villager (Male) |
| 0:01 | Crear | Villager (Male) |
| 0:02 | Crear | Villager (Male) |
| 0:03 | Construir | House |
| 0:05 | Construir | House |
| 1:20 | Crear | Villager (Male) |
| 1:21 | Crear | Villager (Male) |
| 1:53 | Construir | Lumber Camp |
| 1:56 | Crear | Villager (Male) |
| 1:56 | Crear | Villager (Male) |
| 1:56 | Crear | Villager (Male) |
| 2:07 | Crear | Villager (Male) |
| 2:08 | Crear | Villager (Male) |
| 2:37 | Crear | Villager (Male) |
| 2:37 | Crear | Villager (Male) |
| 3:18 | Crear | Villager (Male) |
| 3:18 | Crear | Villager (Male) |
| 3:37 | Construir | House |
| 3:46 | Crear | Villager (Male) |
| 3:47 | Crear | Villager (Male) |
| 4:11 | Crear | Villager (Male) |
| 4:37 | Crear | Villager (Male) |
| 4:38 | Crear | Villager (Male) |
| 5:13 | Construir | House |
| 5:38 | Construir | Mill |
| 5:54 | Crear | Villager (Male) |
| 5:54 | Crear | Villager (Male) |
| 6:37 | Crear | Villager (Male) |
| 7:04 | Investigar | Loom |
| 7:16 | Investigar | Feudal Age |
| 7:48 | Construir | Barracks |
| 8:21 | Crear | Villager (Male) |
| 8:22 | Crear | Villager (Male) |
| 8:27 | Construir | Mining Camp |
| 8:36 | Crear | Villager (Male) |
| 8:54 | Construir | Palisade Wall |
| 9:15 | Crear | Villager (Male) |
| 9:36 | Construir | House |
| 9:44 | Edad | Edad Feudal |
| 9:56 | Construir | Archery Range |
| 10:01 | Construir | Archery Range |
| 10:13 | Investigar | Double-Bit Axe |
| 10:26 | Construir | House |
| 10:49 | Crear | Villager (Male) |
| 10:59 | Construir | Palisade Wall |
| 11:02 | Crear | Archer |
| 11:02 | Crear | Archer |
| 11:04 | Construir | House |
| 11:07 | Crear | Archer |
| 11:22 | Construir | Palisade Wall |
| 11:25 | Crear | Villager (Male) |
| 11:40 | Crear | Archer |
| 11:40 | Crear | Archer |
| 11:43 | Crear | Spearman |
| 11:53 | Construir | Palisade Wall |
| 12:00 | Crear | Villager (Male) |
| 12:01 | Crear | Villager (Male) |
| 12:17 | Crear | Archer |
| 12:17 | Crear | Archer |
| 12:38 | Crear | Archer |
| 12:38 | Crear | Archer |
| 12:51 | Construir | Blacksmith |
| 12:56 | Crear | Villager (Male) |
| 12:57 | Crear | Villager (Male) |
| 12:59 | Crear | Archer |
| 12:59 | Crear | Archer |
| 13:18 | Crear | Archer |
| 13:28 | Construir | House |
| 13:36 | Construir | House |
| 13:37 | Construir | House |
| 13:39 | Crear | Archer |
| 13:40 | Crear | Archer |
| 13:40 | Crear | Villager (Male) |
| 13:52 | Construir | House |
| 13:56 | Construir | House |
| 14:04 | Crear | Villager (Male) |
| 14:05 | Crear | Archer |
| 14:05 | Crear | Archer |
| 14:23 | Crear | Villager (Male) |
| 14:25 | Construir | House |
| 14:31 | Construir | Palisade Wall |
| 14:35 | Crear | Archer |
| 14:39 | Construir | Farm |
| 14:40 | Construir | Farm |
| 14:57 | Construir | Farm |
| 15:01 | Construir | House |
| 15:10 | Investigar | Fletching |
| 15:13 | Construir | House |
| 15:15 | Construir | House |
| 15:25 | Crear | Archer |
| 15:26 | Crear | Archer |
| 15:53 | Crear | Archer |
| 15:53 | Crear | Archer |
| 15:54 | Crear | Archer |
| 16:08 | Construir | House |
| 16:11 | Crear | Archer |
| 16:12 | Crear | Archer |
| 16:18 | Construir | Farm |
| 16:36 | Construir | Farm |
| 16:39 | Crear | Villager (Male) |
| 16:39 | Crear | Villager (Male) |
| 16:50 | Construir | Farm |
| 17:01 | Construir | Palisade Gate |
| 17:13 | Construir | Farm |
| 17:15 | Crear | Archer |
| 17:15 | Crear | Archer |
| 17:56 | Crear | Villager (Male) |
| 17:57 | Crear | Villager (Male) |
| 18:09 | Construir | Archery Range |
| 18:16 | Construir | Lumber Camp |
| 18:23 | Crear | Villager (Male) |
| 18:41 | Construir | Palisade Wall |
| 18:50 | Crear | Villager (Male) |
| 18:52 | Crear | Archer |
| 18:53 | Crear | Archer |
| 18:53 | Crear | Archer |
| 19:00 | Construir | Farm |
| 19:09 | Construir | Farm |
| 19:18 | Crear | Archer |
| 19:18 | Crear | Archer |
| 19:26 | Crear | Villager (Male) |
| 19:36 | Construir | House |
| 19:40 | Crear | Archer |
| 19:40 | Crear | Archer |
| 19:43 | Construir | Farm |
| 19:54 | Crear | Archer |
| 19:55 | Crear | Archer |
| 19:57 | Crear | Villager (Male) |
| 20:12 | Construir | House |
| 20:17 | Construir | House |
| 20:19 | Construir | Farm |
| 20:24 | Crear | Villager (Male) |
| 20:34 | Construir | Market |
| 20:39 | Construir | Farm |
| 20:42 | Crear | Villager (Male) |
| 21:05 | Crear | Archer |
| 21:06 | Crear | Archer |
| 21:06 | Crear | Archer |
| 21:07 | Crear | Archer |
| 21:09 | Construir | Farm |
| 21:11 | Crear | Villager (Male) |
| 21:14 | Construir | Farm |
| 21:32 | Crear | Archer |
| 21:33 | Crear | Archer |
| 21:34 | Crear | Villager (Male) |
| 21:37 | Construir | Farm |
| 21:45 | Construir | House |
| 21:58 | Construir | Palisade Wall |
| 22:17 | Crear | Archer |
Build order — Beans
Primeras 150 de 385 acciones detectadas
| 0:01 | Crear | Villager (Male) |
| 0:01 | Crear | Villager (Male) |
| 0:02 | Construir | House |
| 0:04 | Construir | House |
| 0:13 | Crear | Villager (Male) |
| 0:13 | Crear | Villager (Male) |
| 1:40 | Crear | Villager (Male) |
| 2:00 | Construir | Lumber Camp |
| 2:08 | Crear | Villager (Male) |
| 2:39 | Crear | Villager (Male) |
| 2:59 | Crear | Villager (Male) |
| 3:38 | Construir | House |
| 3:45 | Crear | Villager (Male) |
| 3:46 | Crear | Villager (Male) |
| 4:13 | Construir | Mill |
| 4:26 | Crear | Villager (Male) |
| 4:26 | Crear | Villager (Male) |
| 5:33 | Crear | Villager (Male) |
| 5:33 | Crear | Villager (Male) |
| 6:13 | Construir | Palisade Wall |
| 6:26 | Construir | House |
| 6:31 | Crear | Villager (Male) |
| 6:31 | Crear | Villager (Male) |
| 6:31 | Crear | Villager (Male) |
| 7:41 | Investigar | Loom |
| 8:05 | Investigar | Feudal Age |
| 8:26 | Construir | Mill |
| 9:01 | Construir | Barracks |
| 9:07 | Construir | House |
| 10:08 | Crear | Villager (Male) |
| 10:08 | Crear | Villager (Male) |
| 10:21 | Edad | Edad Feudal |
| 10:30 | Construir | Stable |
| 10:49 | Crear | Villager (Male) |
| 11:00 | Construir | Farm |
| 11:23 | Crear | Scout Cavalry |
| 11:24 | Crear | Scout Cavalry |
| 11:55 | Crear | Villager (Male) |
| 11:55 | Crear | Villager (Male) |
| 11:59 | Construir | Farm |
| 12:03 | Construir | Farm |
| 12:25 | Crear | Scout Cavalry |
| 12:30 | Construir | Farm |
| 12:34 | Construir | Farm |
| 12:44 | Construir | Mining Camp |
| 12:48 | Investigar | Double-Bit Axe |
| 13:05 | Construir | House |
| 13:10 | Construir | House |
| 13:13 | Crear | Villager (Male) |
| 13:14 | Crear | Villager (Male) |
| 13:18 | Construir | Farm |
| 13:43 | Construir | Farm |
| 13:45 | Construir | Farm |
| 13:46 | Construir | Farm |
| 14:02 | Crear | Villager (Male) |
| 14:02 | Crear | Villager (Male) |
| 14:34 | Crear | Villager (Male) |
| 14:34 | Crear | Villager (Male) |
| 14:50 | Construir | Farm |
| 14:57 | Construir | House |
| 15:01 | Construir | Palisade Wall |
| 15:09 | Construir | House |
| 15:12 | Construir | House |
| 15:13 | Construir | House |
| 15:14 | Construir | House |
| 15:42 | Crear | Villager (Male) |
| 15:42 | Crear | Villager (Male) |
| 15:54 | Construir | Blacksmith |
| 16:01 | Construir | Market |
| 16:08 | Construir | Farm |
| 16:13 | Construir | Farm |
| 16:18 | Construir | Farm |
| 16:40 | Crear | Villager (Male) |
| 17:13 | Investigar | Castle Age |
| 17:40 | Construir | Stone Wall |
| 18:02 | Construir | Farm |
| 18:09 | Construir | Farm |
| 18:14 | Construir | Farm |
| 18:20 | Construir | Farm |
| 18:43 | Construir | Archery Range |
| 18:48 | Construir | Archery Range |
| 18:53 | Construir | Stone Wall |
| 19:36 | Crear | Villager (Male) |
| 19:36 | Crear | Villager (Male) |
| 19:40 | Investigar | Bloodlines |
| 19:50 | Investigar | Padded Archer Armor |
| 19:53 | Edad | Edad de los Castillos |
| 19:53 | Investigar | Fletching |
| 20:32 | Investigar | Bodkin Arrow |
| 20:33 | Investigar | Padded Archer Armor |
| 20:38 | Crear | Cavalry Archer ×3 |
| 20:48 | Construir | Mining Camp |
| 21:25 | Crear | Villager (Male) |
| 21:25 | Crear | Villager (Male) |
| 21:25 | Crear | Villager (Male) |
| 21:39 | Crear | Cavalry Archer |
| 22:25 | Construir | Farm |
| 22:28 | Investigar | Bow Saw |
| 22:33 | Crear | Villager (Male) |
| 22:34 | Crear | Villager (Male) |
| 23:20 | Construir | Town Center |
| 23:29 | Crear | Cavalry Archer |
| 23:32 | Crear | Villager (Male) |
| 23:32 | Crear | Villager (Male) |
| 24:12 | Crear | Villager (Male) |
| 24:15 | Crear | Cavalry Archer |
| 24:16 | Crear | Cavalry Archer |
| 24:30 | Construir | Lumber Camp |
| 24:43 | Crear | Villager (Male) |
| 24:43 | Crear | Villager (Male) |
| 25:11 | Construir | Farm |
| 25:26 | Crear | Villager (Male) |
| 25:26 | Crear | Villager (Male) |
| 25:26 | Crear | Villager (Male) |
| 25:54 | Construir | Farm |
| 26:46 | Crear | Villager (Male) |
| 26:46 | Crear | Villager (Male) |
| 26:47 | Crear | Villager (Male) |
| 26:47 | Crear | Villager (Male) |
| 27:15 | Crear | Villager (Male) |
| 27:16 | Crear | Villager (Male) |
| 27:22 | Construir | Farm |
| 27:23 | Construir | Farm |
| 27:24 | Construir | Farm |
| 27:25 | Construir | Farm |
| 27:32 | Construir | Monastery |
| 27:56 | Crear | Villager (Male) |
| 27:56 | Crear | Villager (Male) |
| 28:13 | Construir | University |
| 28:53 | Crear | Villager (Male) |
| 28:55 | Crear | Villager (Male) |
| 28:57 | Crear | Monk |
| 29:04 | Investigar | Elite Skirmisher (upgrade) |
| 29:10 | Investigar | Imperial Age |
| 30:07 | Crear | Villager (Male) |
| 30:07 | Crear | Villager (Male) |
| 30:21 | Investigar | Gold Mining |
| 30:22 | Investigar | Ballistics |
| 30:27 | Investigar | Murder Holes |
| 30:49 | Construir | House |
| 30:55 | Construir | House |
| 30:59 | Construir | House |
| 30:59 | Construir | House |
| 31:06 | Construir | House |
| 31:19 | Construir | Archery Range |
| 31:24 | Construir | Archery Range |
| 31:33 | Construir | House |
| 31:35 | Construir | House |
| 31:36 | Construir | House |
| 31:37 | Construir | House |
Build order — EL CHANCHO 3000
Primeras 150 de 598 acciones detectadas
| 0:00 | Crear | Villager (Male) |
| 0:01 | Crear | Villager (Male) ×4 |
| 0:02 | Construir | House |
| 0:03 | Construir | House |
| 1:23 | Crear | Villager (Male) |
| 1:23 | Crear | Villager (Male) |
| 1:51 | Crear | Villager (Male) |
| 1:52 | Crear | Villager (Male) |
| 2:02 | Construir | Lumber Camp |
| 2:23 | Crear | Villager (Male) |
| 2:42 | Construir | House |
| 3:11 | Crear | Villager (Male) ×2 |
| 3:11 | Crear | Villager (Male) ×2 |
| 3:36 | Crear | Villager (Male) |
| 3:36 | Crear | Villager (Male) |
| 4:06 | Crear | Villager (Male) |
| 4:32 | Construir | Mill |
| 4:38 | Crear | Villager (Male) |
| 4:38 | Crear | Villager (Male) |
| 4:48 | Crear | Villager (Male) ×3 |
| 4:49 | Crear | Villager (Male) ×3 |
| 5:48 | Investigar | Loom |
| 6:24 | Investigar | Feudal Age |
| 7:39 | Construir | Barracks |
| 7:59 | Crear | Villager (Male) |
| 8:14 | Construir | House |
| 8:41 | Edad | Edad Feudal |
| 8:45 | Construir | Stable |
| 8:51 | Crear | Villager (Male) |
| 8:59 | Investigar | Double-Bit Axe |
| 9:16 | Crear | Villager (Male) |
| 9:19 | Construir | House |
| 9:25 | Crear | Scout Cavalry |
| 9:25 | Crear | Scout Cavalry |
| 9:25 | Crear | Scout Cavalry |
| 9:25 | Crear | Scout Cavalry |
| 9:26 | Crear | Scout Cavalry |
| 9:35 | Construir | Palisade Wall |
| 9:42 | Construir | Palisade Wall |
| 9:53 | Crear | Villager (Male) |
| 9:53 | Crear | Villager (Male) |
| 9:53 | Crear | Villager (Male) |
| 9:54 | Crear | Villager (Male) |
| 10:01 | Construir | Farm |
| 10:06 | Investigar | Horse Collar |
| 10:11 | Construir | House |
| 10:12 | Construir | House |
| 10:16 | Construir | Palisade Wall |
| 10:29 | Crear | Villager (Male) |
| 10:29 | Crear | Villager (Male) |
| 10:30 | Crear | Villager (Male) |
| 10:36 | Construir | House |
| 10:38 | Construir | Palisade Wall |
| 10:47 | Construir | Farm |
| 10:54 | Crear | Spearman |
| 11:14 | Crear | Villager (Male) |
| 11:14 | Crear | Villager (Male) |
| 11:20 | Construir | House |
| 11:22 | Construir | Palisade Wall |
| 11:32 | Crear | Villager (Male) |
| 11:32 | Crear | Villager (Male) |
| 11:36 | Construir | Farm |
| 11:37 | Construir | Farm |
| 11:40 | Construir | Farm |
| 11:47 | Crear | Villager (Male) |
| 11:48 | Crear | Villager (Male) |
| 11:58 | Crear | Villager (Male) |
| 11:59 | Crear | Villager (Male) |
| 11:59 | Crear | Villager (Male) |
| 12:02 | Construir | Farm |
| 12:38 | Crear | Villager (Male) |
| 12:38 | Crear | Villager (Male) |
| 12:38 | Crear | Villager (Male) |
| 12:38 | Crear | Villager (Male) |
| 12:49 | Construir | Blacksmith |
| 12:50 | Construir | House |
| 12:57 | Construir | House |
| 12:59 | Crear | Villager (Male) |
| 12:59 | Crear | Villager (Male) |
| 13:18 | Crear | Villager (Male) |
| 13:18 | Crear | Villager (Male) |
| 13:37 | Construir | House |
| 13:47 | Crear | Scout Cavalry |
| 13:54 | Construir | Farm |
| 13:56 | Construir | Farm |
| 13:57 | Construir | Farm |
| 14:16 | Crear | Scout Cavalry |
| 14:19 | Construir | Farm |
| 14:28 | Construir | Farm |
| 14:28 | Construir | Farm |
| 14:29 | Construir | Farm |
| 14:29 | Construir | Farm |
| 14:29 | Construir | Farm |
| 14:29 | Construir | Farm |
| 14:50 | Investigar | Forging |
| 15:04 | Crear | Villager (Male) |
| 15:04 | Crear | Villager (Male) |
| 15:06 | Construir | Farm |
| 15:13 | Construir | Watch Tower |
| 15:47 | Crear | Villager (Male) |
| 15:47 | Crear | Villager (Male) |
| 15:48 | Crear | Villager (Male) |
| 15:48 | Crear | Villager (Male) |
| 15:48 | Crear | Villager (Male) |
| 15:48 | Crear | Villager (Male) |
| 16:08 | Construir | Farm |
| 16:10 | Construir | Farm |
| 16:11 | Construir | Farm |
| 16:26 | Investigar | Scale Barding Armor |
| 16:37 | Crear | Villager (Male) |
| 16:37 | Crear | Villager (Male) |
| 16:48 | Construir | Mining Camp |
| 17:24 | Crear | Scout Cavalry |
| 17:24 | Crear | Scout Cavalry |
| 17:24 | Crear | Scout Cavalry |
| 18:00 | Construir | Farm |
| 18:12 | Construir | Stable |
| 18:39 | Investigar | Wheelbarrow |
| 19:03 | Crear | Villager (Male) |
| 19:07 | Construir | Market |
| 19:57 | Crear | Villager (Male) |
| 20:24 | Investigar | Castle Age |
| 20:40 | Crear | Scout Cavalry |
| 20:40 | Crear | Scout Cavalry |
| 21:06 | Investigar | Bloodlines |
| 21:12 | Crear | Scout Cavalry |
| 21:12 | Crear | Scout Cavalry |
| 21:50 | Crear | Scout Cavalry |
| 21:50 | Crear | Scout Cavalry |
| 22:45 | Investigar | Gold Mining |
| 23:04 | Construir | House |
| 23:05 | Construir | House |
| 23:24 | Edad | Edad de los Castillos |
| 23:25 | Construir | Archery Range |
| 23:29 | Investigar | Light Cavalry (upgrade) |
| 23:30 | Investigar | Husbandry |
| 23:39 | Investigar | Chain Barding Armor |
| 23:54 | Crear | Knight ×3 |
| 23:54 | Crear | Knight ×3 |
| 23:54 | Crear | Knight ×3 |
| 24:18 | Crear | Villager (Male) |
| 24:18 | Crear | Villager (Male) |
| 24:25 | Construir | Town Center |
| 24:37 | Construir | Farm |
| 24:55 | Crear | Knight ×2 |
| 24:56 | Crear | Knight ×2 |
| 25:12 | Crear | Knight |
| 25:12 | Crear | Knight |
| 25:18 | Construir | Farm |
| 25:22 | Crear | Villager (Male) |
Cronología de la partida
| 6:13 | Beans · wall_segment Palisade Wall x4 |
| 7:39 | EL CHANCHO 3000 · first_building Barracks |
| 7:48 | kingrog · first_building Barracks |
| 8:41 | EL CHANCHO 3000 · age_up feudal |
| 8:45 | EL CHANCHO 3000 · first_building Stable |
| 8:54 | kingrog · wall_segment Palisade Wall x13 |
| 9:01 | Beans · first_building Barracks |
| 9:08 | kingthom · first_building Barracks |
| 9:21 | kingthom · wall_segment Palisade Wall x14 |
| 9:35 | EL CHANCHO 3000 · wall_segment Palisade Wall x5 |
| 9:42 | EL CHANCHO 3000 · wall_segment Palisade Wall x11 |
| 9:44 | kingrog · age_up feudal |
| 9:56 | kingrog · first_building Archery Range |
| 10:16 | EL CHANCHO 3000 · wall_segment Palisade Wall x11 |
| 10:21 | Beans · age_up feudal |
| 10:30 | Beans · first_building Stable |
| 10:38 | EL CHANCHO 3000 · wall_segment Palisade Wall x5 |
| 10:39 | kingthom · age_up feudal |
| 10:59 | kingrog · wall_segment Palisade Wall x6 |
| 11:09 | kingthom · wall_segment Stone Wall x6 |
| 11:20 | kingthom · wall_segment Stone Wall x9 |
| 11:22 | kingrog · wall_segment Palisade Wall x16 |
| 11:22 | EL CHANCHO 3000 · wall_segment Palisade Wall x9 |
| 11:53 | kingrog · wall_segment Palisade Wall x13 |
| 14:31 | kingrog · wall_segment Palisade Wall x2 |
| 15:01 | Beans · wall_segment Palisade Wall x1 |
| 17:11 | Beans · first_market_sell 100 stone |
| 17:17 | kingthom · wall_segment Stone Wall x12 |
| 17:40 | Beans · wall_segment Stone Wall x16 |
| 17:40 | kingthom · wall_segment Stone Wall x11 |
| 18:41 | kingrog · wall_segment Palisade Wall x3 |
| 18:43 | Beans · first_building Archery Range |
| 18:53 | Beans · wall_segment Stone Wall x2 |
| 19:32 | kingthom · wall_segment Stone Wall x6 |
| 19:45 | kingthom · wall_segment Stone Wall x9 |
| 19:53 | Beans · age_up castle |
| 20:17 | EL CHANCHO 3000 · first_market_buy 100 food |
| 20:22 | EL CHANCHO 3000 · first_market_sell 100 wood |
| 21:05 | kingthom · wall_segment Stone Wall x7 |
| 21:24 | kingthom · wall_segment Stone Wall x13 |
| 21:58 | kingrog · wall_segment Palisade Wall x1 |
| 23:08 | Beans · first_market_buy 100 stone |
| 23:12 | kingrog · first_market_buy 100 food |
| 23:24 | EL CHANCHO 3000 · age_up castle |
| 23:25 | EL CHANCHO 3000 · first_building Archery Range |
| 25:29 | kingthom · age_up castle |
| 25:59 | kingrog · age_up castle |
| 26:33 | EL CHANCHO 3000 · first_building Siege Workshop |
| 27:24 | kingrog · first_market_sell 100 wood |
| 27:32 | Beans · first_building Monastery |
| 28:01 | kingthom · first_building Castle |
| 31:16 | kingthom · first_building Stable |
| 31:50 | kingthom · wall_segment Stone Wall x1 |
| 32:01 | kingrog · wall_segment Palisade Wall x1 |
| 32:17 | kingrog · wall_segment Palisade Wall x3 |
| 32:28 | Beans · age_up imperial |
| 32:51 | kingrog · first_building Siege Workshop |
| 33:46 | Beans · first_building Castle |
| 35:21 | kingthom · wall_segment Stone Wall x15 |
| 35:24 | EL CHANCHO 3000 · first_building Castle |
| 37:23 | kingthom · wall_segment Stone Wall x14 |
| 38:30 | kingrog · wall_segment Stone Wall x21 |
| 39:21 | kingrog · wall_segment Stone Wall x13 |
| 41:47 | kingrog · wall_segment Stone Wall x5 |
| 44:19 | kingthom · age_up imperial |
| 44:31 | kingrog · first_building Castle |
| 44:45 | EL CHANCHO 3000 · age_up imperial |
| 45:17 | kingrog · wall_segment Stone Wall x10 |
| 45:25 | kingrog · age_up imperial |
| 45:32 | kingrog · wall_segment Stone Wall x2 |
| 45:32 | kingrog · wall_segment Stone Wall x2 |
| 45:33 | kingrog · wall_segment Stone Wall x1 |
| 45:33 | kingrog · wall_segment Stone Wall x1 |
| 54:39 | kingrog · first_building Monastery |
| 56:24 | kingrog · tribute_sent a jugador 2 |
| 56:24 | kingrog · tribute_sent a jugador 3 |
| 56:24 | kingrog · tribute_sent a jugador 4 |
| 57:02 | kingthom · wall_segment Stone Wall x23 |
| 58:27 | kingthom · wall_segment Stone Wall x18 |
| 59:34 | EL CHANCHO 3000 · resign |
[ ANÁLISIS IA · 1 CRÉDITO ]
¿Qué pasó realmente en esta partida?
Wolo.gg analiza cada decisión: build order, eco, micro, errores típicos por bracket. Análisis personalizado por WhatsApp o Discord en 30 segundos.
Guía civ
Españoles
Guía mapa
Arabia
Perfil
kingthom